AoeStats
← MattAtArms

Arabia

504067291Analyzed
1v1 RM · 1mo ago on Sep 3, 2026· 26m 54s· 2 players
Game mode
Random Map
Map size
Tiny (2 player)
Population
200
Speed
Normal
Resources
Standard
Victory
Conquest
Starting age
Dark Age
Ending age
Imperial Age
RankedLock teamsTeams togetherTeam positionsShared explorationLock speedFull tech treeHidden civsTurbo modeCheats
Victory
Defeat
🇬🇧 Turks · United Kingdom
1889
+14
🇹🇼 Bengalis · Taiwan
1836
-14
TAG_Wayne
6:28 Loom
6:35 Loom
8:56 Feudal Age
10:23 Double-Bit Axe
10:41 Horse Collar
15:32 Wheelbarrow
19:55 Castle Age
19:59 Light Cavalry
21:06 Bloodlines
20:57 Husbandry
21:30 Bow Saw
21:23 Heavy Plow
21:57 Hand Cart
26:25 Fletching
MattAtArms
8:27 Feudal Age
7:10 Loom
9:17 Double-Bit Axe
12:15 Horse Collar
19:49 Castle Age
18:11 Gold Mining
19:44 Fletching
19:54 Padded Archer Armor
20:06 Bloodlines
20:45 Bodkin Arrow
21:44 Bow Saw
24:52 Ballistics
27:32 Wheelbarrow
26:44 Town Watch
Connection lost

Rejoining the realm…

Still unreachable

The connection could not be restored.

Session expired

The server has moved on; the page needs a fresh start.